Map: Invader LE

Players

Neeb

  • Race: Protoss Protoss

Lilbow - Winner!

  • Race: Protoss Protoss

Event: DreamHack Open Tours WCS Spring Championship

VOD

Have the link to the VOD?

Description

Time

  • Played on: May 14, 2016, 5:35 a.m.
  • Length: 10:56

All games in this series

Show
View Real Time Build Order
Export as new Build Order

Neeb Protoss 

Build Orders:  

Get SALT Encoding   

  12  0:00  Probe (Chrono Boost)  
  13  0:11  Probe (Chrono Boost)  
  14  0:17  Pylon  
  14  0:21  Probe (Chrono Boost)  
  15  0:36  Probe (Chrono Boost), Gateway  
  16  0:46  Probe (Chrono Boost)  
  16  0:48  Assimilator  
  17  0:51  Assimilator  
  18  0:57  Probe (Chrono Boost)  
  18  1:07  Probe (Chrono Boost)  
  18  1:09  Gateway  
  19  1:18  Probe (Chrono Boost)  
  20  1:23  Cybernetics Core  
  20  1:28  Probe (Chrono Boost)  
  21  1:34  Pylon  
  21  1:39  Probe (Chrono Boost)  
  22  1:49  Probe (Chrono Boost)  
  23  1:59  Adept  
  23  2:00  Warp Gate (Chrono Boost), Adept  
  27  2:02  Probe (Chrono Boost)  
  28  2:09  Pylon  
  28  2:15  Mothership Core (Chrono Boost)  
  30  2:31  Stalker x2  
  34  2:58  Nexus  
  34  3:03  Sentry x2  
  38  3:09  Pylon  
  38  3:22  Robotics Facility  
  38  3:24  Probe (Chrono Boost)  
  37  3:36  Probe (Chrono Boost)  
  38  3:47  Probe (Chrono Boost)  
  39  3:52  Twilight Council  
  39  3:57  Probe (Chrono Boost)  
  40  4:08  Probe (Chrono Boost), Sentry  
  43  4:10  Probe (Chrono Boost)  
  43  4:11  Observer  
  43  4:13  Assimilator  
  45  4:18  Probe (Chrono Boost)  
  45  4:21  Probe (Chrono Boost)  
  47  4:29  Probe (Chrono Boost)  
  47  4:30  Blink (Chrono Boost)  
  47  4:31  Probe (Chrono Boost)  
  49  4:40  Probe  
  49  4:41  Forge  
  49  4:42  Immortal, Probe  
  49  4:45  Assimilator  
  51  4:52  Probe  
  56  4:54  Probe  
  56  4:58  Pylon  
  56  4:59  Sentry  
  59  5:04  Probe  
  59  5:06  Probe  
  61  5:13  Protoss Ground Weapons Level 1 (Chrono Boost)  
  61  5:16  Probe  
  61  5:19  Immortal, Probe  
  63  5:23  Pylon  
  67  5:28  Probe  
  67  5:31  Probe  
  69  5:40  Probe  
  70  5:43  Nexus  
  70  5:46  Probe  
  70  5:48  Pylon  
  71  5:55  Robotics Bay  
  71  5:59  Immortal  
  75  6:07  Sentry  
  75  6:08  Probe x2  
  79  6:21  Gateway x2  
  79  6:23  Gateway  
  79  6:27  Sentry  
  81  6:33  Stalker  
  83  6:43  Gateway  
  83  6:48  Colossus  
  83  6:49  Pylon  
  83  6:55  Stalker  
  83  6:57  Stalker  
  93  7:04  Gateway  
  93  7:05  Gateway  
  93  7:17  Stalker  
  93  7:18  Stalker  
  93  7:19  Stalker  
  99  7:25  Stalker  
  93  7:38  Immortal  
  93  7:39  Stalker  
  93  7:44  Stalker x2  
  93  7:49  Stalker  
  99  7:54  Adept  
  82  8:08  Stalker x2  
  82  8:09  Stalker x2  
  73  8:17  Stalker  
  67  8:26  Stalker  
  65  8:28  Adept  
  67  8:38  Stalker  
  69  8:43  Probe  
  72  8:53  Protoss Ground Weapons Level 2 (Chrono Boost)  
  70  9:02  Pylon  
  68  9:06  Stalker  
  68  9:07  Stalker x2  
  68  9:08  Probe  
  68  9:09  Probe x2  
  77  9:19  Probe  
  77  9:21  Probe x2  
  80  9:29  Probe  
  67  9:42  Stalker x4  
  71  9:49  Probe  
  71  9:50  Probe x2  
  74  10:08  Stalker x2  
  74  10:09  Stalker  
  74  10:13  Stalker x2  
  76  10:26  Stalker x2  
  66  10:34  Stalker, Adept  
  60  10:36  Adept  
  60  10:38  Adept  
  58  10:42  Stalker  
  54  10:50  Stalker  
Show
View Real Time Build Order
Export as new Build Order

Lilbow Protoss - Winner!

Build Orders: Phoenix Opening 

Get SALT Encoding   

  12  0:01  Probe (Chrono Boost)  
  13  0:11  Probe (Chrono Boost)  
  14  0:17  Pylon  
  14  0:22  Probe (Chrono Boost)  
  16  0:35  Probe (Chrono Boost), Gateway  
  16  0:41  Assimilator  
  16  0:46  Probe (Chrono Boost)  
  17  0:57  Probe (Chrono Boost)  
  18  0:58  Assimilator  
  18  1:07  Probe (Chrono Boost), Gateway  
  19  1:18  Probe (Chrono Boost)  
  20  1:22  Cybernetics Core  
  20  1:28  Probe (Chrono Boost)  
  21  1:39  Probe (Chrono Boost)  
  22  1:44  Pylon  
  22  1:49  Probe (Chrono Boost)  
  23  1:59  Warp Gate (Chrono Boost)  
  23  2:02  Stalker x2 (Chrono Boost)  
  27  2:10  Mothership Core  
  29  2:17  Pylon  
  29  2:33  Sentry (Chrono Boost)  
  29  2:35  Probe  
  32  2:40  Stalker (Chrono Boost)  
  34  2:48  Probe  
  35  2:55  Sentry (Chrono Boost)  
  37  3:05  Nexus  
  36  3:18  Probe  
  36  3:25  Robotics Facility  
  36  3:29  Pylon  
  36  3:34  Probe, Phoenix  
  37  3:46  Probe (Chrono Boost)  
  38  3:58  Probe (Chrono Boost)  
  39  4:05  Sentry, Stalker  
  39  4:08  Probe (Chrono Boost)  
  44  4:18  Probe (Chrono Boost)  
  44  4:19  Probe (Chrono Boost)  
  46  4:27  Immortal  
  46  4:29  Probe x2 (Chrono Boost)  
  52  4:32  Assimilator  
  52  4:37  Phoenix  
  52  4:39  Probe (Chrono Boost)  
  52  4:40  Probe (Chrono Boost)  
  52  4:45  Twilight Council  
  54  4:47  Pylon  
  54  4:50  Probe x2 (Chrono Boost)  
  56  5:00  Probe (Chrono Boost), Forge  
  56  5:01  Probe (Chrono Boost)  
  56  5:06  Immortal  
  62  5:10  Blink  
  62  5:11  Probe x2 (Chrono Boost)  
  64  5:18  Pylon  
  64  5:22  Probe x2 (Chrono Boost)  
  66  5:29  Phoenix  
  66  5:30  Assimilator  
  66  5:32  Probe (Chrono Boost)  
  66  5:33  Protoss Ground Weapons Level 1  
  66  5:35  Probe (Chrono Boost)  
  69  5:42  Probe (Chrono Boost)  
  69  5:45  Probe (Chrono Boost)  
  69  5:46  Immortal (Chrono Boost)  
  74  5:59  Nexus  
  74  6:07  Sentry, Stalker  
  78  6:11  Pylon  
  78  6:19  Gateway x2  
  78  6:22  Gateway  
  78  6:31  Pylon, Stalker  
  78  6:32  Stalker  
  82  6:39  Warp Prism (Chrono Boost)  
  84  6:44  Pylon  
  84  6:53  Gateway  
  84  6:54  Gateway  
  84  6:56  Sentry x2  
  84  6:59  Pylon  
  88  7:19  Stalker x4  
  88  7:20  Stalker  
  98  7:43  Stalker x5  
  102  7:57  Stalker x5  
  90  8:11  Stalker x2  
  72  8:14  Warp Prism (Chrono Boost)  
  56  8:23  Stalker x4  
  56  8:24  Stalker x2  
  56  8:25  Stalker  
  62  8:46  Stalker x2  
  62  8:47  Stalker x3  
  71  8:50  Stalker  
  72  8:58  Stalker  
  64  9:20  Stalker x5  
  74  9:26  Sentry, Stalker  
  68  9:47  Stalker x4  
  68  9:51  Sentry x2  
  80  9:56  Stalker  
  82  10:13  Stalker x3  
  74  10:21  Sentry, Stalker  
  74  10:26  Stalker  
  60  10:43  Stalker x3  
  60  10:51  Stalker x2  

Tags
 
Add a new tag
Caveats
  • Supply blocks, unpowered buildings, or Contaminate may cause inaccurate times.
  • Supply counts are checked every 10 seconds.